 Dungeon Crawl Stone Soup version 0.19.0-11-g3fc08b3 (console) character file.

43 OvidiusNaso the Sneak (level 3, 0/24 HPs)
             Began as a Vampire Enchanter on Nov 8, 2016.
             Slain by a jackal (1 damage)
             ... on level 2 of the Dungeon.
             The game lasted 00:10:39 (920 turns).

OvidiusNaso the Sneak (Vampire Enchanter)            Turns: 920, Time: 00:10:39

Health: 0/24       AC:  3    Str:  7    XL:     3   Next: 37%
Magic:  6/6        EV: 13    Int: 17    God:
Gold:   118        SH:  0    Dex: 15    Spells: 1 memorised, 5 levels left

rFire  . . .     SeeInvis +     a - +1 dagger
rCold  . . .     Gourm    .     b - +1 robe
rNeg   . . .     Faith    .     (no shield)
rPois  .         Spirit   .     (no helmet)
rElec  .         Reflect  .     (no cloak)
rCorr  .         Harm     .     (no gloves)
MR     .....                    (no boots)
Stlth  +++.......               (no amulet)
                                (no ring)
                                (no ring)

@: regenerating quickly
A: fangs 3, see invisible, unbreathing
a: no special abilities


You were on level 2 of the Dungeon.
You were full.

You visited 1 branch of the dungeon, and saw 2 of its levels.

You collected 118 gold pieces.

Inventory:

Hand Weapons
 a - a +1 dagger (weapon)
 f - a +0 mace of protection
Missiles
 e - 72 arrows
Armour
 b - a +1 robe (worn)
 k - a +0 robe
Scrolls
 i - 3 scrolls of identify {unknown}
 j - a scroll of recharging {unknown}
 l - a scroll of immolation {unknown}
 m - a scroll of amnesia {unknown}
Potions
 d - a potion of blood
 g - a potion of heal wounds {unknown}
 h - a potion of curing
Books
 c - a book of Maledictions

   Spells                             Type                      Level
   a - Corona                         Hexes                        1
   b - Ensorcelled Hibernation        Hexes/Ice                    2
   c - Confuse                        Hexes                        3
   d - Tukima's Dance                 Hexes                        3
   e - Dazzling Spray                 Conjuration/Hexes            3


   Skills:
 + Level 1.5 Short Blades
 + Level 2.8 Dodging
 * Level 5.3 Stealth
 - Level 2.0 Spellcasting
 * Level 5.1 Hexes


You had 5 spell levels left.
You knew the following spells:

 Your Spells              Type           Power        Failure   Level  Hunger
a - Corona                Hex            ###....      2%          1    #......


Dungeon Overview and Level Annotations

Branches:
Dungeon (2/15)

Altars:


Innate Abilities, Weirdness & Mutations

Your natural rate of healing is unusually fast.
You have razor-sharp teeth.
You have supernaturally acute eyesight. (SInv)
You can survive without breathing.


Message History

The jackal barely misses you. The jackal bites you. The jackal misses you.
The jackal bites you but does no damage.
The jackal closely misses you. x2
The jackal bites you. The jackal closely misses you.
You hit the jackal but do no damage.
The jackal bites you but does no damage.
The jackal bites you.
* * * LOW HITPOINT WARNING * * *
The jackal barely misses you. The jackal misses you.
You closely miss the jackal. The jackal bites you.
* * * LOW HITPOINT WARNING * * *
The jackal closely misses you.
The jackal bites you but does no damage. x2
You closely miss the jackal. The jackal bites you.
* * * LOW HITPOINT WARNING * * *
The jackal barely misses you. The jackal bites you.
* * * LOW HITPOINT WARNING * * *
You closely miss the jackal. The jackal bites you.
You die...

#...# #......†#
#...+ #.......#
#...#
#######'####
#...# #.......#
#...#####.###...#
#......#.# #†).#
###......#.#
#...#
..').....'.#
#...#
###......###
#..h# ...###...#
#.hh# ##.# #(..#
#.h@# ##.#
#############
##.# #.....#
##.#######.....#
...#.....#.....#
####)###.#.....#
#.#<..'.....#
####†#####.....#
†.......##.....#
###.....##.....#
#.....########


You could see 4 jackals.

Vanquished Creatures
  An adder (D:2)
  A worm (D:2)
  A dart slug (D:2)
  A ball python (D:1)
  2 giant cockroaches
  4 goblins
  5 hobgoblins
  2 jackals (D:2)
  A quokka (D:2)
  3 bats
  A frilled lizard (D:1)
  2 kobolds
  4 rats
28 creatures vanquished.

Notes
Turn   | Place    | Note
-------+----------+-------------------------------------------
     0 | D:1      | OvidiusNaso the Vampire Enchanter began the quest for the Orb.
     0 | D:1      | Reached XP level 1. HP: 13/13 MP: 3/3
   262 | D:1      | Reached XP level 2. HP: 15/19 MP: 5/5
   744 | D:2      | Reached skill level 5 in Stealth
   818 | D:2      | Reached XP level 3. HP: 24/24 MP: 6/6
   871 | D:2      | Reached skill level 5 in Hexes
   919 | D:2      | HP: 1/24 [jackal (1)]
   920 | D:2      | Slain by a jackal

Skill      XL: |  1  2  3 |
---------------+----------+-----
Stealth        | 5 |  5.3
Hexes          | 5 |  5.1
Short Blades   | |  1.5
Dodging        | |  2.8
Spellcasting   | |  2.0

Action                   || total
-------------------------++-------
Melee: Dagger            ||   124
       Bite              ||     9
 Cast: Corona            ||     7
  Use: Potion            ||     1
 Stab: Sleeping          ||     5
  Eat: Corpse            ||     6
Armor: Robe              ||    42
Dodge: Dodged            ||    89
